 Dungeon Crawl Stone Soup version 0.19-a0-1883-gc9e4fd8 (webtiles) character file.

43 shinino the Covered (level 3, 0/24 HPs)
             Began as a Gargoyle Fighter on Oct 14, 2016.
             Slain by an adder (2 damage)
             ... on level 2 of the Dungeon.
             The game lasted 00:02:53 (943 turns).

shinino the Covered (Gargoyle Fighter)               Turns: 943, Time: 00:02:54

Health: 0/24       AC:  7    Str: 19    XL:     3   Next: 58%
Magic:  3/3        EV:  7    Int:  8    God:
Gold:   45         SH:  9    Dex: 10    Spells: 0 memorised, 2 levels left

rFire  + . .     SeeInvis .     a - +0 flail
rCold  + + .     Gourm    .     b - +0 scale mail
rNeg   + . .     Faith    .     c - +0 shield
rPois  ∞         Spirit   .     (no helmet)
rElec  +         Dismiss  .     (no cloak)
rCorr  +         Reflect  .     (no gloves)
MR     .....     Harm     .     (no boots)
Stlth  .......... Clarity  +    h - amulet of inaccuracy (curse)
                                (no ring)
                                (no ring)

@: resistant
A: clarity, cold resistance 1, deformed body, negative energy resistance 1,
electricity resistance, unbreathing, petrification resistance, rot immunity, AC
+3
a: no special abilities


You were on level 2 of the Dungeon.
You were hungry.

You visited 1 branch of the dungeon, and saw 2 of its levels.

You collected 45 gold pieces.

Inventory:

Hand Weapons
 a - a +0 flail (weapon)
Armour
 b - a +0 scale mail (worn)
 c - a +0 shield (worn)
Jewellery
 h - a cursed amulet of inaccuracy (around neck)
Scrolls
 g - a scroll of magic mapping {unknown}
 i - a scroll of enchant armour {unknown}
 j - a scroll of teleportation {unknown}
 k - a scroll of fog {unknown}
Potions
 d - a potion of might
Comestibles
 f - a bread ration


   Skills:
 + Level 4.1 Fighting
 - Level 2.0 Maces & Flails
 + Level 4.2 Armour
 - Level 3.2 Shields


You had 2 spell levels left.
You didn't know any spells.

Dungeon Overview and Level Annotations

Branches:
Dungeon (2/15)

Altars:


Innate Abilities, Weirdness & Mutations

You are resistant to torment.
Your stone body is resilient. (AC +3)
You are immune to poison.
You resist negative energy. (rN+)
You are resistant to electric shocks. (rElec)
You can survive without breathing.
You are immune to petrification.
You are immune to rotting.
You possess an exceptional clarity of mind.
Your flesh is cold resistant. (rC+)
Armour fits poorly on your strangely shaped body.


Message History

You aren't carrying any items that you can evoke.
The adder closely misses you. The adder bites you but does no damage.
The adder barely misses you. The adder bites you.
* * * LOW HITPOINT WARNING * * *
You block the adder's attack.
It was a potion of mutation.
You feel extremely strange.
Your body twists and deforms.
You feel resistant to cold.
Your thoughts seem clearer.
The adder completely misses you.
It was a potion of resistance.
You feel protected. The adder bites you.
* * * LOW HITPOINT WARNING * * *
The adder closely misses you.
You barely miss the adder. You block the adder's attack.
The adder bites you but does no damage.
You closely miss the adder. The adder bites you.
You die...

#.# #.#
#.########
##......<.#
..............#
##.#########..#
#..# #S.# #@.#
#..# #..# #..#
...# .#.# . .#
#. .#


You could see an adder.

Vanquished Creatures
  An adder (D:1)
  A dart slug (D:1)
  A leopard gecko (D:1)
  A giant cockroach (D:1)
  7 goblins
  3 hobgoblins (D:1)
  5 bats (D:1)
  3 frilled lizards (D:1)
  3 kobolds (D:1)
  6 rats (D:1)
31 creatures vanquished.

Notes
Turn   | Place    | Note
-------+----------+-------------------------------------------
     0 | D:1      | shinino the Gargoyle Fighter began the quest for the Orb.
     0 | D:1      | Reached XP level 1. HP: 14/14 MP: 1/1
    64 | D:1      | Reached XP level 2. HP: 14/19 MP: 2/2
   392 | D:1      | Reached XP level 3. HP: 22/24 MP: 3/3
   940 | D:2      | Gained mutation: Armour fits poorly on your strangely shaped body. [potion of mutation]
   940 | D:2      | Gained mutation: Your flesh is cold resistant. (rC+) [potion of mutation]
   940 | D:2      | Gained mutation: You possess an exceptional clarity of mind. [potion of mutation]
   941 | D:2      | HP: 1/24 [adder (3)]
   943 | D:2      | Slain by an adder

Vault maps used:
D:1:      dpeg_arrival_subterranean_lakeside_camping, minmay_pentomino_u4
D:2:      minitemple, ecumenical_altar_1, amethyst_killhole, uniq_sigmund

Skill      XL: |  1  2  3 |
---------------+----------+-----
Fighting       | 4 |  4.1
Armour         | 4 |  4.2
Maces & Flails | |  2.0
Shields        | |  3.2

Action                   || total
-------------------------++-------
Melee: Flail             ||   197
  Use: Potion            ||     2
Armor: Scale mail        ||   146
Dodge: Dodged            ||    83
Block: Shield            ||   140
